 Dungeon Crawl Stone Soup version 0.26.1-11-gd32895ea62 (webtiles) character file.

Game seed: 1059334447085781509

110 Zeld the Sneak (level 4, -4/29 HPs)
             Began as an Octopode Brigand on May 13, 2021.
             Slain by an ice beast (8 damage)
             ... on level 4 of the Dungeon.
             The game lasted 00:02:39 (2001 turns).

Zeld the Sneak (Octopode Brigand)                   Turns: 2001, Time: 00:02:39

Health: -4/29      AC:  1    Str: 11    XL:     4   Next: 91%
Magic:  4/4        EV: 13    Int: 13    God:
Gold:   95         SH:  0    Dex: 13    Spells: 3/3 levels left

rFire    . . .     SeeInvis .   a - +2 dagger
rCold    . . .     Faith    .   (no shield)
rNeg     . . .     Spirit   .   (helmet restricted)
rPois    .         Reflect  .   (no amulet)
rElec    .         Harm     .   (no ring)
rCorr    .         Rampage  .   (no ring)
Will     .....                  (no ring)
Stlth    ++++......             (no ring)
HPRegen  0.09/turn              (no ring)
MPRegen  0.09/turn              (no ring)
                                (no ring)
                                (no ring)

@: no status effects
A: almost no armour, stealthy swim, amphibious, 8 rings, constrict 8, camouflage
1, gelatinous body 1
a: no special abilities


You were on level 4 of the Dungeon.
You visited 1 branch of the dungeon, and saw 3 of its levels.

You collected 95 gold pieces.

Inventory:

Hand Weapons
 a - a +2 dagger (weapon)
Missiles
 b - 8 poisoned darts (quivered)
 c - 2 curare-tipped darts
Jewellery
 j - an uncursed amulet of faith {unknown}
Scrolls
 e - a scroll of magic mapping {unknown}
 f - 2 scrolls of fear {unknown}
 h - 2 scrolls of identify {unknown}
 l - a scroll of amnesia {unknown}
Potions
 d - a potion of berserk rage {unknown}
 g - a potion of might {unknown}
 i - a potion of degeneration {unknown}
 k - a potion of heal wounds {unknown}


   Skills:
 - Level 2.0 Fighting
 - Level 2.0 Short Blades
 * Level 4.9 Throwing
 - Level 1.0 Dodging
 - Level 5.3 Stealth


You had 3 spell levels left.
You didn't know any spells.
Your spell library was empty.

Dungeon Overview and Level Annotations

Branches:
Dungeon (2/15)

Altars:
Trog
Xom


Innate Abilities, Weirdness & Mutations

You cannot wear most types of armour.
You are very stealthy in the water. (Stealth+)
You are amphibious.
You can wear up to eight rings at the same time.
You can use your tentacles to constrict eight enemies at once.
Your skin changes colour to match your surroundings (Stealth+).
Your rubbery body absorbs attacks. (AC +1, EV +1)


Message History

The water moccasin skeleton bites you.
You hit the water moccasin skeleton.
The water moccasin skeleton is heavily damaged.
You constrict the water moccasin skeleton.
The water moccasin skeleton barely misses you.
You hit the water moccasin skeleton.
You squeeze the water moccasin skeleton!
The water moccasin skeleton is almost destroyed.
You constrict the water moccasin skeleton.
The water moccasin skeleton bites you!
* * * LOW HITPOINT WARNING * * *
You hit the water moccasin skeleton.
The water moccasin skeleton is almost destroyed.
You constrict the water moccasin skeleton.
You destroy the water moccasin skeleton!
A worm comes into view.
The ice beast hits you.
* * * LOW HITPOINT WARNING * * *
The ice beast freezes you!
You die...

############
...........#
.....#####.#
####.....#.#
#....###.#.# ###
#.##.###†#.####.##
#.#...##.#.....Y.#
...._......####.@#
.##...#.#†####..........
##.##.#......##..##...
#....#......# ..#
..####......# ..# ##..
...........# #..
............. ##
.......w......#
#...........


You could see an ice beast.

Vanquished Creatures
  A water moccasin skeleton (D:4)
  An adder (D:2)
  An ooze (D:1)
  A worm (D:2)
  A dart slug (D:1)
  A leopard gecko (D:2)
  2 giant cockroaches (D:1)
  2 goblins
  7 hobgoblins
  7 jackals
  3 kobolds (D:1)
  6 bats
  2 frilled lizards (D:1)
  5 rats
40 creatures vanquished.

Notes
Turn   | Place    | Note
-------+----------+-------------------------------------------
     0 | D:1      | Zeld the Octopode Brigand began the quest for the Orb.
     0 | D:1      | Reached XP level 1. HP: 14/14 MP: 1/1
   302 | D:1      | Reached XP level 2. HP: 19/19 MP: 2/2
   766 | D:1      | Reached XP level 3. HP: 13/24 MP: 3/3
  1143 | D:2      | Found a bloodstained altar of Trog.
  1176 | D:2      | Found a faded altar of an unknown god.
  1190 | D:2      | Noticed an ice beast
  1952 | D:2      | You fall into a shaft and drop 2 floors!
  1952 | D:4      | Found a shimmering altar of Xom.
  1971 | D:4      | Reached XP level 4. HP: 27/29 MP: 4/4
  1971 | D:4      | Noticed an ice beast
  2001 | D:4      | Slain by an ice beast

Illustrated notes

Levels and vault maps discovered:
D:1:      dpeg_arrival_erosion, layout_rooms
D:2:      layout_basic, bloody_trog, chequers_ecumenical_altar_simple,
          kennysheep_flooded_box, wad_floor_pattern_2
D:4:      layout_cave_pools, grunt_temple_overflow_order_and_chaos_2,
          nicolae_overflow_crystal_walls, grunt_temple_overflow_octagram

Skill      XL: |  1  2  3 |
---------------+----------+-----
Throwing       | 3 4 |  4.9
Fighting       | |  2.0
Short Blades   | |  2.0
Dodging        | |  1.0
Stealth        | |  5.3

Action                   |  1- 3 |  4- 6 || total
-------------------------+-------+-------++-------
Melee: Dagger            |    78 |    10 ||    88
       Constrict         |    19 |     5 ||    24
       Tentacles         |     7 |     3 ||    10
 Stab: Sleeping          |    12 |       ||    12
Armor: Skin              |     9 |     1 ||    10
Dodge: Dodged            |    67 |     3 ||    70
